 Dungeon Crawl Stone Soup version 0.23.0-3-gf3c87f2 (webtiles) character file.

Game seed: 13541256142327686733

114370 Hasart the Summoner (level 15, -1/118 HPs)
             Began as a Demigod Wizard on Feb 24, 2019.
             Slain by a demonic crawler (3 damage)
             ... on level 1 of the Spider Nest.
             The game lasted 03:02:36 (54040 turns).

Hasart the Summoner (Demigod Wizard)               Turns: 54040, Time: 03:02:38

Health: -1/118     AC: 10    Str: 17    XL:     15   Next: 68%
Magic:  38/43      EV:  9    Int: 32    God:
Gold:   1181       SH:  0    Dex: 17    Spells: 7/35 levels left

rFire    + . .     SeeInvis +   w - +1 flail of the Water Diviner {holy, *Noise rPois Str+3}
rCold    + . .     Gourm    .   q - +0 buckler
rNeg     . . .     Faith    .   A - +2 robe {rC+ rF+}
rPois    +         Spirit   .   R - +0 hat {SInv}
rElec    .         Reflect  +   U - +1 cloak {+Inv}
rCorr    .         Harm     .   N - +1 pair of gloves of Bacs {Str+4 Dex+3}
MR       +....                  v - +1 pair of boots
Stlth    ++........             l - +3 amulet of reflection
HPRegen  0.29/turn              c - ring of magical power
MPRegen  0.28/turn              Q - ring of wizardry

@: about to teleport, marked, held
A: high mp 1
a: Evoke Invisibility


You were on level 1 of the Spider Nest.
You were not hungry.

You visited 6 branches of the dungeon, and saw 28 of its levels.
You also visited: Sewer, Ossuary and Ice Cave.

You collected 3266 gold pieces.
You spent 2085 gold pieces at shops.

Inventory:

Hand Weapons
 w - the +1 flail of the Water Diviner (weapon) {holy, *Noise rPois Str+3}
   (You found it on level 5 of the Dungeon)

   It has been blessed by the Shining One to cause great damage to the undead
   and demons.
   It affects your strength (+3).
   It protects you from poison.
   It may make noises in combat.
Armour
 o - a +2 cloak
 q - a +0 buckler (worn)
 v - a +1 pair of boots (worn)
 A - a +2 robe of resistance (worn)
 B - a +2 shield
 D - a +0 troll leather armour
 F - a +0 robe of magic resistance
 N - the +1 pair of gloves of Bacs (worn) {Str+4 Dex+3}
   (You found it on level 6 of the Lair of Beasts)

   It affects your strength (+4).
   It affects your dexterity (+3).
 R - a +0 hat of see invisible (worn)
 U - a +1 cloak of invisibility (worn)
Magical Staves
 k - an uncursed staff of power
Jewellery
 c - a ring of magical power (left hand)
 l - a +3 amulet of reflection (around neck)
 s - an uncursed ring of protection from magic
 G - an uncursed ring of protection from magic
 M - an uncursed ring of fire {unknown}
 Q - a ring of wizardry (right hand)
 T - a cursed -3 ring of strength {unknown}
 W - an uncursed ring of protection from cold {unknown}
Wands
 n - a wand of iceblast (32)
 z - a wand of digging (5)
 E - a wand of clouds (2)
 H - a wand of acid (4)
 P - a wand of scattershot (5)
Scrolls
 a - 6 scrolls of magic mapping
 e - 6 scrolls of amnesia
 f - 8 scrolls of enchant armour
 g - 16 scrolls of remove curse
 h - 8 scrolls of enchant weapon
 i - 13 scrolls of teleportation
 x - 22 scrolls of identify
 y - 4 scrolls of immolation
 C - a scroll of fear
 I - a scroll of blinking
 L - 5 scrolls of fog
Potions
 j - 11 potions of curing
 m - a potion of resistance
 p - 3 potions of might
 r - 3 potions of brilliance
 t - 7 potions of flight
 u - 8 potions of heal wounds
 J - 2 potions of mutation {unknown}
 K - 3 potions of cancellation
Miscellaneous
 b - a fan of gales
 S - a phantom mirror
 Y - a crystal ball of energy
Comestibles
 d - 34 rations


   Skills:
 + Level 7.4 Fighting
 + Level 7.0 Dodging
 - Level 1.7 Stealth
 + Level 6.7 Shields
 + Level 10.5 Spellcasting
 + Level 10.3 Conjurations
 - Level 3.0 Hexes
 - Level 2.0 Charms
 * Level 14.0 Summonings
 - Level 2.0 Necromancy
 - Level 0.8 Translocations
 + Level 9.8 Ice Magic
 - Level 3.0 Air Magic
 - Level 2.7 Poison Magic
 * Level 6.5 Evocations


You had 7 spell levels left.
You knew the following spells:

 Your Spells              Type           Power        Failure   Level  Hunger
a - Throw Icicle          Conj/Ice       ######..     1%          4    None
b - Mephitic Cloud        Conj/Pois/Air  ######..     1%          3    None
c - Summon Mana Viper     Hex/Summ       ######..     1%          5    ###....
d - Blink                 Tloc           N/A          1%          2    None
e - Summon Hydra          Summ           #######...   3%          7    ######.
f - Summon Ice Beast      Ice/Summ       #######.     1%          4    None
u - Regeneration          Chrm/Necr      ####......   1%          3    None

Your spell library contained the following spells:

 Spells                   Type           Power        Failure   Level  Hunger
 Summon Butterflies       Summ           #######.     0%          1    None
 Call Imp                 Summ           #######.     0%          2    None
 Beastly Appendage        Tmut           ###...       1%          1    None
 Corona                   Hex            #####..      1%          1    None
 Flame Tongue             Conj/Fire      #####        1%          1    None
 Freeze                   Ice            ####         1%          1    None
 Infusion                 Chrm           ####         1%          1    None
 Magic Dart               Conj           ####         1%          1    None
 Corpse Rot               Necr           N/A          1%          2    None
 Ensorcelled Hibernation  Hex/Ice        ######       1%          2    None
 Shroud of Golubria       Chrm/Tloc      ####......   1%          2    None
 Slow                     Hex            #####...     1%          2    None
 Song of Slaying          Chrm           ####....     1%          2    None
 Sticks to Snakes         Tmut           ###.....     1%          2    None
 Sublimation of Blood     Necr           ####......   1%          2    None
 Throw Flame              Conj/Fire      #####.       1%          2    None
 Throw Frost              Conj/Ice       ######       1%          2    None
 Call Canine Familiar     Summ           #######.     1%          3    None
 Confuse                  Hex            #####...     1%          3    None
 Conjure Flame            Conj/Fire      #####...     1%          3    None
 Dazzling Spray           Conj/Hex       ######       1%          3    None
 Inner Flame              Hex/Fire       ####....     1%          3    None
 Ozocubu's Armour         Chrm/Ice       ######..     1%          3    None
 Spectral Weapon          Hex/Chrm       ####....     1%          3    None
 Spider Form              Tmut/Pois      ####......   1%          3    None
 Stone Arrow              Conj/Erth      #####.       1%          3    None
 Tukima's Dance           Hex            #####...     1%          3    None
 Ice Form                 Ice/Tmut       #####...     1%          4    None
 Sticky Flame             Conj/Fire      #####...     1%          4    None
 Summon Forest            Summ/Tloc      ######....   1%          5    ###....
 Ignite Poison            Fire/Tmut/Pois ###.....     2%          3    None
 Fireball                 Conj/Fire      #####.....   4%          5    ###....
 Irradiate                Conj/Tmut      #####.....   4%          5    ###....
 Leda's Liquefaction      Hex/Erth       ####......   6%          4    None
 Petrify                  Tmut/Erth      ###.....     12%         4    None
 Alistair's Intoxication  Tmut/Pois      ####....     17%         5    ###....
 Blade Hands              Tmut           ###.......   32%         5    ###....
 Deflect Missiles         Chrm/Air       ####......   52%         6    #####..
 Hydra Form               Tmut           ###.......   85%         6    #####..


Dungeon Overview and Level Annotations

Branches:
Dungeon (15/15)            Temple (0/1) D:5            Lair (6/6) D:8
 Shoals (2/4) Lair:4       Spider (1/4) Lair:2        Slime (0/5) Lair:5
    Orc (2/2) D:11            Elf (2/3) Orc:2        Vaults (0/5) D:14
 Depths (0/5) D:15

Shops:
D:7 (   D:8 %[?[=   D:10 }   D:13 *   D:14 [   Orc:2 *(?   Elf:1 [   Elf:2 =}}

Annotations:
D:11 3 runed translucent doors, George's ghost, journeyman DsFi


Innate Abilities, Weirdness & Mutations

You have an increased reservoir of magic. (+10% MP)


Message History

The jumping spider bites you but does no damage.
The demonic crawler hits you but does no damage.
The demonic crawler hits you. The demonic crawler hits you!
* * * LOW HITPOINT WARNING * * *
Unknown command.
Unknown command.
Casting: Throw Icicle (safe; 1% risk of failure)
Confirm with . or Enter, or press ? or * to list all spells.
A mana viper appears with a sibilant hiss.
The redback bites you!!
* * * LOW HITPOINT WARNING * * *
The jumping spider pounces on you but does no damage.
The jumping spider closely misses you. The wolf spider hits you.
* * * LOW HITPOINT WARNING * * *
The wolf spider bites you but does no damage.
The redback bites you but does no damage.
The demonic crawler hits you.
* * * LOW HITPOINT WARNING * * *
The demonic crawler hits you.
You die...

##........# #........#
.. #.......^## ....
#.........# ....
#.........####### ....
#..........##.#.# ..#
#.........###..# .#
#.......##s#sS.##
######.#########@ss..#
#......# #.sssa...#
.......# #^...s.....#
........ #^..ss.s.....
........
#......sss...#
.......#
#.............^
.......#
..............#
.......#
##.............#
.......#


You could see an entropy weaver, 2 demonic crawlers, a wolf spider, an orb
spider, a jumping spider, a tarantella, 8 redbacks and a friendly mana viper.

Vanquished Creatures
  Rupert (Lair:6)
  Frances (D:14)
  Kirke (Lair:5)
  An entropy weaver (Spider:1)
  A fire dragon (Lair:6)
  Snorg (D:12)
  A yaktaur captain (D:15)
  3 hydras
  A catoblepas (D:13)
  A vault guard (D:14)
  2 centaur warriors
  A merfolk avatar (Shoals:1)
  5 two-headed ogres
  18 dancing weapons
  Urug (D:12)
  2 orc high priests (Orc:2)
  3 deep elf knights (Elf:2)
  An unseen horror (D:15)
  2 deep elf archers (Elf:2)
  An orc knight (D:15)
  An oklob plant (Orc:2)
  An orb spider (Spider:1)
  2 orc sorcerers (Orc:2)
  5 manticores
  2 ugly things
  23 deep elf magi
  2 wolf spiders (Spider:1)
  A cyclops (D:15)
  A water nymph (Shoals:2)
  A torpor snail (Lair:6)
  2 black mambas
  3 spiny frogs
  A kobold demonologist (D:14)
  8 yaktaurs (D:15)
  A komodo dragon (D:13)
  2 demonic crawlers (Spider:1)
  4 trolls
  2 merfolk (Shoals:1)
  A polar bear (Lair:2)
  4 jumping spiders (Spider:1)
  A meliai (shapeshifter) (D:14)
  A tyrant leech (Lair:6)
  2 wolf spider simulacra (D:15)
  2 slime creatures (D:13)
  6 blink frogs
  6 hippogriffs
  6 hornets
  4 dream sheep
  A meliai zombie (D:13)
  3 air elementals
  14 redbacks
  2 hogs (Lair:5)
  5 tarantellas (Spider:1)
  2 wyverns
  A water elemental (Elf:2)
  A wraith (D:13)
  23 yaks
  3 fire elementals (D:14)
  4 humans (D:14)
  A hungry ghost (D:14)
  2 vampire mosquitoes (D:13)
  A warg (D:11)
  11 soldier ants
  A hell hound (D:14)
  7 porcupines
  7 sky beasts
  20 orc warriors
  27 wolves
  11 ogres
  An eye of draining (D:8)
  9 ice beasts
  4 phantoms
  9 centaurs
  A necrophage (D:6)
  5 crocodiles
  5 big kobolds
  13 bullfrogs
  An earth elemental (Elf:2)
  2 scorpions (D:5)
  A wyvern skeleton (D:14)
  A water moccasin skeleton (D:7)
  2 howler monkeys
  15 wights
  2 crimson imps
  4 centaur zombies
  A bullfrog zombie (D:9)
  10 hounds
  3 bullfrog skeletons
  5 centaur skeletons
  A human zombie (Ossuary)
  6 jellies
  14 orc priests
  22 orc wizards
  23 worker ants
  4 iguanas
  A killer bee zombie (D:9)
  3 hound skeletons
  A mummy (Ossuary)
  A worker ant zombie (D:6)
  14 adders
  A howler monkey skeleton (D:10)
  A river rat (Sewer)
  4 shadow imps
  6 oozes
  An adder skeleton (D:7)
  2 worms
  8 leopard geckos
  63 orcs
  3 ball pythons
  4 giant cockroaches
  6 goblins
  5 hobgoblins
  11 jackals
  7 quokkas
  A ball python skeleton (D:4)
  3 bats
  3 frilled lizards
  9 hobgoblin zombies (Ossuary)
  A jackal zombie (Ossuary)
  31 kobolds
  7 kobold zombies (Ossuary)
  A leopard gecko zombie (D:6)
  8 orc zombies (Ossuary)
  2 quokka skeletons (D:5)
  8 rats
  A rat zombie (Ossuary)
  A fungus (Lair:3)
  A tentacle (Shoals:1)
673 creatures vanquished.

Vanquished Creatures (collateral kills)
  Gastronok (D:10)
  Agnes (Spider:1)
  Azrael (D:14)
  The ghost of poirepourri the Severer, a journeyman MiFi of Okawaru (D:13)
  Josephine (D:13)
  3 vault guards (D:14)
  Erolcha (D:12)
  3 hydras
  A death knight (D:11)
  A catoblepas (Lair:6)
  A centaur warrior (D:12)
  7 dancing weapons (Elf:2)
  A queen ant (Lair:3)
  6 death yaks
  3 orc high priests
  3 deep elf knights
  A sea snake (Shoals:2)
  A deep elf archer (Elf:2)
  2 lindwurms (Lair:6)
  5 orc knights (Orc:2)
  A wolf spider zombie (D:15)
  4 deep elf magi
  9 ugly things (D:15)
  3 wolf spiders (Spider:1)
  2 orb spiders (Spider:1)
  2 oklob plants (Lair:6)
  An orc sorcerer (Orc:2)
  2 cyclopes
  2 slime creatures (D:13)
  2 elephants (Lair:6)
  A salamander (shapeshifter) (D:15)
  3 manticores
  A merfolk siren (Lair:4)
  A water nymph (Shoals:1)
  3 black mambas
  5 torpor snails (Lair:6)
  7 spiny frogs
  A komodo dragon (Lair:2)
  3 merfolk (Lair:4)
  7 jumping spiders (Spider:1)
  6 hornets
  3 tyrant leeches (Lair:6)
  6 dream sheep
  10 blink frogs
  3 hippogriffs
  A shadow (D:15)
  A centaur simulacrum (D:15)
  A water elemental (Shoals:1)
  7 redbacks (Spider:1)
  2 wraiths (D:13)
  9 yaks
  A redback (shapeshifter) (D:12)
  A hog (Lair:5)
  3 humans (D:14)
  3 tarantellas (Spider:1)
  2 basilisks
  2 vampire mosquitoes (D:13)
  Menkaure (D:5)
  2 wargs (Orc:2)
  7 soldier ants (Lair:3)
  5 water moccasins
  A black bear (Lair:3)
  7 orc warriors
  An ice beast (D:6)
  2 ogres (Orc:2)
  6 wolves (Lair:6)
  3 crocodiles (Lair:4)
  An elf zombie (Ossuary)
  3 big kobolds
  2 scorpions
  2 howler monkeys
  A bullfrog zombie (D:13)
  4 orc priests (Orc:2)
  A jelly (D:6)
  4 orc wizards
  2 iguanas
  2 worker ants
  A mummy (Ossuary)
  A river rat (Sewer)
  5 worms
  12 orcs
  A jackal (Sewer)
  4 kobolds
  A quokka (D:2)
  A goblin zombie (Ossuary)
  A hobgoblin zombie (Ossuary)
  A jackal zombie (Ossuary)
  2 rats (Sewer)
  3 rat zombies (Ossuary)
  2 tentacles (Shoals:1)
257 creatures vanquished.

Vanquished Creatures (others)
  A tarantella (Spider:1)
  3 yaks (Lair:5)
  A human (D:14)
  2 soldier ants (Lair:3)
  A kobold (D:14)
  23 fungi
  38 plants
  66 tentacles (Shoals:1)
135 creatures vanquished.

Grand Total: 1065 creatures vanquished

Notes
Turn   | Place    | Note
-------+----------+-------------------------------------------
     0 | D:1      | Hasart the Demigod Wizard began the quest for the Orb.
     0 | D:1      | Reached XP level 1. HP: 14/14 MP: 6/6
    16 | D:1      | Reached skill level 1 in Conjurations
   378 | D:1      | Reached XP level 2. HP: 20/20 MP: 4/8
   446 | D:1      | Learned a level 2 spell: Call Imp
  1418 | D:2      | Reached XP level 3. HP: 16/26 MP: 2/10
  1445 | D:1      | Learned a level 3 spell: Mephitic Cloud
  1631 | D:2      | Learned a level 2 spell: Blink
  1748 | D:2      | HP: 1/26 [worm (12)]
  2133 | D:2      | Reached skill level 1 in Summonings
  2215 | D:2      | Reached XP level 4. HP: 33/33 MP: 11/11
  2797 | D:3      | Found an ornate altar of the Wu Jian Council.
  3070 | D:3      | Found a faded altar of an unknown god.
  3479 | D:4      | Reached skill level 1 in Air Magic
  3483 | D:4      | Noticed a phantom
  3487 | D:4      | Found a glowing drain.
  3496 | Sewer    | Entered a sewer
  3630 | Sewer    | Noticed a big kobold
  3643 | Sewer    | Reached XP level 5. HP: 38/38 MP: 7/12
  3646 | Sewer    | Reached skill level 1 in Poison Magic
  3745 | Sewer    | Found a white marble altar of Elyvilon.
  4602 | D:3      | Reached skill level 1 in Shields
  5009 | D:4      | Reached XP level 6. HP: 39/45 MP: 11/14
  5227 | D:4      | Reached skill level 2 in Summonings
  5619 | D:5      | Entered Level 5 of the Dungeon
  5688 | D:5      | Got a twisted flail
  5689 | D:5      | Identified the +1 flail of the Water Diviner {holy, *Noise
                  | rPois Str+3} (You found it on level 5 of the Dungeon)
  6150 | D:5      | Reached XP level 7. HP: 28/50 MP: 13/15
  6592 | D:5      | Found a stormy altar of Qazlal.
  6727 | D:5      | Found a staircase to the Ecumenical Temple.
  6732 | D:5      | Noticed Menkaure
  6762 | D:5      | Killed Menkaure
  7769 | D:5      | Learned a level 3 spell: Dazzling Spray
  7841 | D:6      | Reached skill level 3 in Summonings
  7857 | D:5      | Reached XP level 8. HP: 50/57 MP: 12/17
  8181 | D:5      | Reached skill level 5 in Conjurations
 10923 | D:7      | Found Omelar's Weapon Emporium.
 11085 | D:7      | Reached XP level 9. HP: 38/60 MP: 19/19
 11100 | D:7      | Found a sand-covered staircase.
 11106 | Ossuary  | Entered an ossuary
 11315 | Ossuary  | Reached skill level 1 in Hexes
 12528 | D:7      | Reached skill level 5 in Spellcasting
 12785 | D:8      | Found Furchi's Armour Shoppe.
 12797 | D:8      | Reached skill level 5 in Dodging
 12914 | D:8      | Noticed a death yak
 13016 | D:8      | Found Suha's Food Shop.
 13077 | D:8      | Found Etzetyl's Magic Scroll Shop.
 13080 | D:8      | Bought a scroll of magic mapping for 52 gold pieces
 13080 | D:8      | Bought a scroll of remove curse for 45 gold pieces
 13406 | D:8      | Found Icassay's Jewellery Shop.
 13625 | D:8      | Found Siaqeisch's Armour Emporium.
 13632 | D:8      | Found a staircase to the Lair.
 13642 | Lair:1   | Entered Level 1 of the Lair of Beasts
 13743 | Lair:1   | Found a frozen archway.
 13745 | Lair:1   | Noticed a spiny frog
 13760 | Lair:1   | Killed a spiny frog
 13847 | IceCv    | Entered an ice cave
 13847 | IceCv    | Noticed a white ugly thing
 14079 | Lair:1   | Noticed a spiny frog
 14122 | Lair:1   | Learned a level 4 spell: Summon Ice Beast
 14360 | Lair:1   | Killed a spiny frog
 14360 | Lair:1   | Reached skill level 4 in Summonings
 15106 | Lair:2   | Noticed a komodo dragon
 15119 | Lair:2   | Killed a komodo dragon
 15119 | Lair:2   | Reached skill level 1 in Ice Magic
 15119 | Lair:2   | Reached XP level 10. HP: 60/69 MP: 6/22
 15237 | Lair:2   | Noticed a four-headed hydra
 15248 | Lair:2   | Killed a four-headed hydra
 15248 | Lair:2   | Reached skill level 5 in Shields
 15338 | Lair:2   | Reached skill level 5 in Summonings
 15910 | Lair:2   | Found a stormy altar of Qazlal.
 15932 | Lair:2   | Reached skill level 1 in Fighting
 15932 | Lair:2   | Reached skill level 6 in Summonings
 16160 | Lair:2   | Found a hole to the Spider Nest.
 17303 | Lair:3   | Reached skill level 7 in Summonings
 17333 | Lair:3   | Reached XP level 11. HP: 30/81 MP: 13/25
 17606 | Lair:3   | Noticed a queen ant
 17659 | Lair:3   | Killed a queen ant
 19723 | Lair:4   | Reached skill level 8 in Summonings
 20448 | Lair:4   | Found a staircase to the Shoals.
 20484 | Lair:4   | Noticed a four-headed hydra
 20499 | Lair:4   | Killed a four-headed hydra
 20499 | Lair:4   | Reached skill level 5 in Ice Magic
 20882 | Lair:5   | Noticed a seven-headed hydra
 20922 | Lair:6   | Entered Level 6 of the Lair of Beasts
 21054 | Lair:6   | Noticed Rupert
 21063 | Lair:6   | Paralysed by Rupert for 6 turns
 21173 | Lair:6   | Killed Rupert
 21173 | Lair:6   | Reached skill level 9 in Summonings
 21306 | Lair:6   | Got a polished leather armour
 21317 | Lair:6   | Identified the cursed +0 leather armour of Beogh's
                  | Benevolence {rPois Dex+4} (You found it on level 6 of the
                  | Lair of Beasts)
 21518 | Lair:6   | Noticed a seven-headed hydra
 21767 | Lair:6   | Noticed a death yak
 21768 | Lair:6   | Noticed a death yak
 21772 | Lair:6   | Noticed a death yak
 21772 | Lair:6   | Noticed an eight-headed hydra
 21774 | Lair:6   | Noticed a catoblepas
 22108 | Lair:6   | Reached skill level 5 in Fighting
 22150 | Lair:6   | Learned a level 5 spell: Summon Mana Viper
 22348 | Lair:6   | Reached XP level 12. HP: 78/94 MP: 28/28
 22502 | Lair:6   | Killed a seven-headed hydra
 22586 | Lair:6   | Got a pair of warped gloves
 22592 | Lair:6   | Identified the +1 pair of gloves of Bacs {Str+4 Dex+3} (You
                  | found it on level 6 of the Lair of Beasts)
 23016 | Lair:6   | Reached skill level 10 in Summonings
 23323 | Lair:6   | Killed a catoblepas
 23688 | Lair:6   | Found a runed translucent door.
 23689 | Lair:6   | Noticed a fire dragon
 24146 | Lair:6   | Learned a level 3 spell: Regeneration
 24228 | Lair:6   | Learned a level 4 spell: Throw Icicle
 24696 | Lair:6   | Killed an eight-headed hydra
 24700 | Lair:6   | Paralysed by a hornet for 3 turns
 24714 | Lair:6   | Reached skill level 1 in Necromancy
 24729 | Lair:6   | Reached skill level 1 in Charms
 24959 | Lair:6   | Killed a fire dragon
 25663 | Lair:5   | Noticed Kirke
 26095 | Lair:5   | Killed Kirke
 26223 | Lair:5   | Found a staircase to the Slime Pits.
 26228 | Lair:5   | Killed a seven-headed hydra
 26511 | Lair:5   | Reached skill level 11 in Summonings
 26667 | Lair:5   | Identified the Reference Book on the Lucky Blaze
 27056 | D:8      | Reached XP level 13. HP: 102/102 MP: 15/30
 27888 | D:9      | Found a deep blue altar of Sif Muna.
 27890 | D:9      | Found a stormy altar of Qazlal.
 27892 | D:9      | Found a snail-covered altar of Cheibriados.
 29008 | D:10     | Entered Level 10 of the Dungeon
 29441 | D:10     | Noticed Gastronok
 29454 | D:10     | Killed Gastronok
 30402 | D:10     | Found Mekh's Gadget Shoppe.
 31153 | D:11     | Found a staircase to the Orcish Mines.
 32040 | D:11     | Found a runed translucent gate.
 32044 | D:11     | Found a runed translucent gate.
 32045 | D:11     | Found a runed translucent gate.
 32045 | D:11     | Noticed George's ghost (journeyman DsFi)
 32703 | Orc:1    | Entered Level 1 of the Orcish Mines
 33094 | Orc:2    | Entered Level 2 of the Orcish Mines
 33185 | Orc:2    | Found a radiant altar of Vehumet.
 33710 | Orc:2    | Reached skill level 12 in Summonings
 34948 | Orc:2    | Found Erae's Weapon Boutique.
 34948 | Orc:2    | Found Pafefekh's Magic Scroll Emporium.
 34951 | Orc:2    | Found Noryor's General Store.
 34951 | Orc:2    | Found Biuts's Antique Weapon Emporium.
 34960 | Orc:2    | Bought a scroll of teleportation for 42 gold pieces
 34960 | Orc:2    | Bought 3 scrolls of teleportation for 126 gold pieces
 34965 | Orc:2    | Bought a scroll of acquirement for 624 gold pieces
 34965 | Orc:2    | Bought a scroll of amnesia for 42 gold pieces
 34965 | Orc:2    | Bought a scroll of identify for 24 gold pieces
 34965 | Orc:2    | Bought a scroll of teleportation for 36 gold pieces
 34965 | Orc:2    | Bought a scroll of teleportation for 36 gold pieces
 34965 | Orc:2    | Bought a scroll of remove curse for 36 gold pieces
 34965 | Orc:2    | Bought a scroll of identify for 24 gold pieces
 34965 | Orc:2    | Bought a scroll of magic mapping for 42 gold pieces
 34968 | Orc:2    | Got a bloodstained buckler
 34979 | Orc:2    | Identified the +2 buckler of Omission {rF- Int-5 Dex+6
                  | Stlth+} (You acquired it on level 2 of the Orcish Mines)
 35408 | Orc:2    | Found a staircase to the Elven Halls.
 35512 | D:12     | Noticed Erolcha
 35528 | D:12     | Killed Erolcha
 35687 | D:12     | Noticed Urug
 35704 | D:12     | Killed Urug
 36201 | D:12     | Noticed Snorg
 36224 | D:12     | Killed Snorg
 36597 | D:12     | Noticed a shadow dragon
 36793 | D:12     | Learned a level 7 spell: Summon Hydra
 37816 | D:13     | Noticed Josephine
 37833 | D:13     | Killed Josephine
 38314 | D:13     | Found a large runed translucent door.
 38314 | D:13     | Found a large runed translucent door.
 38319 | D:13     | Noticed poirepourri's ghost (journeyman MiFi)
 38495 | D:13     | Reached XP level 14. HP: 110/110 MP: 28/32
 38819 | D:13     | Found Zahal's Assorted Antiques.
 38926 | D:13     | Bought a curved jewelled staff for 336 gold pieces
 38926 | D:13     | Bought a scroll labeled DICYXZ GUXKU for 28 gold pieces
 39598 | D:13     | Killed poirepourri's ghost
 39608 | D:13     | Got a fine rapier
 39609 | D:13     | Identified the +5 rapier of Fippar {antimagic, rF+} (You
                  | found it on level 13 of the Dungeon)
 39838 | D:14     | Reached skill level 1 in Evocations
 39990 | D:14     | Found Foahyoma's Armour Shoppe.
 39993 | D:14     | Bought a +2 cloak for 198 gold pieces
 40734 | D:14     | Found a gate to the Vaults.
 41233 | D:14     | Noticed Frances
 41249 | D:14     | Killed Frances
 41487 | D:14     | Reached skill level 13 in Summonings
 41570 | D:14     | Noticed Azrael
 41598 | D:14     | Killed Azrael
 41911 | D:15     | Entered Level 15 of the Dungeon
 42626 | D:15     | Reached skill level 10 in Spellcasting
 43789 | D:15     | Found a staircase to the Depths.
 44697 | Shoals:1 | Entered Level 1 of the Shoals
 45446 | Shoals:1 | Noticed a kraken
 46191 | Elf:1    | Entered Level 1 of the Elven Halls
 46810 | Elf:1    | Found Kumos's Antique Armour Shop.
 46818 | Elf:1    | Bought a runed cloak for 277 gold pieces
 47659 | Elf:1    | Reached XP level 15. HP: 97/117 MP: 16/34
 47867 | Elf:2    | Reached skill level 5 in Evocations
 48699 | Elf:2    | Reached skill level 10 in Conjurations
 48987 | Elf:2    | Found Lamoqie's Gadget Shop.
 48988 | Elf:2    | Found Ipsey's Jewellery Shoppe.
 48989 | Elf:2    | Found Ixkihote's Gadget Shop.
 48996 | Elf:2    | Bought a cursed amulet of inaccuracy for 36 gold pieces
 48996 | Elf:2    | Bought a cursed ring of teleportation for 81 gold pieces
 49279 | Elf:2    | Found a runed translucent door.
 49302 | Elf:2    | Found a runed translucent door.
 51704 | Elf:2    | Noticed a deep elf blademaster
 52212 | Spider:1 | Entered Level 1 of the Spider Nest
 53180 | Spider:1 | Noticed Agnes
 53190 | Spider:1 | Killed Agnes
 53393 | Spider:1 | Reached skill level 14 in Summonings
 54040 | Spider:1 | HP: 5/118 [wolf spider (6)]
 54040 | Spider:1 | HP: 2/118 [demonic crawler (3)]
 54040 | Spider:1 | Slain by a demonic crawler

Skill      XL: |  1  2  3  4  5  6  7  8  9 10 11 12 13 14 15 |
---------------+----------------------------------------------+-----
Conjurations   | 1 2 3 4 6 7 9 10 | 10.3
Dodging        | 2 3 4 5 6 7 |  7.0
Spellcasting   | 3 4 5 6 7 8 9 10 | 10.5
Summonings     | 1 2 3 4 7 9 11 12 13 14 | 14.0
Air Magic      | 1 2 3 |  3.0
Poison Magic   | 1 2 |  2.7
Shields        | 1 2 3 4 5 6 |  6.7
Hexes          | 3 |  3.0
Ice Magic      | 1 3 5 7 8 9 |  9.8
Fighting       | 2 5 6 7 |  7.4
Necromancy     | 2 |  2.0
Charms         | 2 |  2.0
Evocations     | 4 6 |  6.5
Stealth        | |  1.7
Translocations | |  0.8

Action                   |  1- 3 |  4- 6 |  7- 9 | 10-12 | 13-15 || total
-------------------------+-------+-------+-------+-------+-------++-------
Melee: Dagger            |    29 |       |       |       |       ||    29
       Short sword       |       |     8 |       |       |       ||     8
       Flail             |       |     6 |   229 |   349 |   223 ||   807
       Whip              |       |       |    24 |       |       ||    24
 Cast: Magic Dart        |   105 |   161 |   305 |   240 |       ||   811
       Call Imp          |     2 |    36 |    74 |     2 |     1 ||   115
       Mephitic Cloud    |       |     2 |    20 |    96 |    11 ||   129
       Blink             |       |     1 |     5 |     1 |     5 ||    12
       Dazzling Spray    |       |       |    53 |    60 |       ||   113
       Summon Ice Beast  |       |       |     1 |   117 |    40 ||   158
       Summon Mana Viper |       |       |       |    37 |   158 ||   195
       Throw Icicle      |       |       |       |    60 |   770 ||   830
       Regeneration      |       |       |       |     1 |       ||     1
       Summon Hydra      |       |       |       |       |     8 ||     8
Evoke: Wand              |       |       |       |     3 |     2 ||     5
  Use: Potion            |       |       |     2 |     2 |    15 ||    19
       Scroll            |       |       |       |     9 |    19 ||    28
 Stab: Sleeping          |     2 |       |       |       |       ||     2
       Confused          |       |       |     4 |    45 |     1 ||    50
       Invisible         |       |       |       |     6 |       ||     6
       Distracted        |       |       |       |     1 |     2 ||     3
  Eat: Chunk             |     3 |     7 |    15 |    32 |    65 ||   122
       Ration            |       |     2 |     5 |     5 |    12 ||    24
Armor: Robe              |     8 |     5 |    93 |    62 |   135 ||   303
Dodge: Dodged            |    30 |    49 |   252 |   319 |   401 ||  1051
Block: Buckler           |       |       |    16 |   134 |   222 ||   372
       Reflection        |       |       |       |       |    14 ||    14
